Map: Base du roi Sejong EC

Players

Assssssssss

  • Race: Terran Terran
  • League: Gold
  • Spawn Location: 11:00

zidar - Winner!

  • Race: Zerg Zerg
  • League: Platinum
  • Spawn Location: 5:00

VOD

Have the link to the VOD?

Description

Time

  • Played on: Nov. 4, 2016, 4:23 p.m.
  • Length: 7:28
Show
View Real Time Build Order
Export as new Build Order

Assssssssss Terran 

Build Orders:  

Get SALT Encoding   

  12  0:02  SCV  
  14  0:14  SCV  
  14  0:24  Supply Depot  
  14  0:31  SCV  
  15  0:46  SCV  
  15  0:48  Barracks  
  16  1:04  SCV  
  16  1:05  Refinery  
  17  1:18  SCV  
  18  1:30  Command Center, SCV  
  19  1:38  Supply Depot  
  19  1:43  Marine, SCV  
  21  1:55  SCV  
  22  2:06  Supply Depot  
  22  2:09  Refinery  
  22  2:14  Factory  
  22  2:19  Marine  
  23  2:23  SCV  
  24  2:35  SCV  
  24  2:36  Marine  
  26  2:46  Factory  
  26  2:47  SCV  
  27  2:54  Marine  
  27  2:56  SCV  
  29  3:00  SCV  
  29  3:01  Hellion  
  32  3:09  Refinery  
  32  3:10  SCV  
  32  3:12  SCV  
  32  3:33  Starport  
  32  3:34  Barracks  
  32  3:38  Supply Depot  
  32  3:39  Hellion  
  36  3:48  Widow Mine  
  36  3:51  SCV  
  37  3:55  SCV  
  38  4:03  SCV, Hellion  
  38  4:08  SCV  
  44  4:15  SCV  
  44  4:16  Widow Mine  
  45  4:20  SCV  
  46  4:27  Viking, SCV  
  46  4:29  Hellion  
  51  4:31  Armory  
  51  4:33  SCV  
  52  4:39  SCV  
  53  4:51  SCV, Supply Depot  
  54  4:53  Orbital Command  
  54  4:56  Hellion  
  56  5:00  Viking  
  56  5:05  SCV  
  59  5:08  Hellion  
  61  5:17  Refinery  
  61  5:18  SCV  
  61  5:19  SCV  
  63  5:26  Hellion  
  65  5:30  SCV  
  65  5:31  Terran Vehicle Weapons Level 1  
  65  5:32  Factory  
  66  5:54  Hellion  
  66  5:55  Factory Tech Lab  
  66  5:56  Starport Tech Lab  
  68  6:03  Supply Depot x3  
  68  6:05  Supply Depot x2  
  68  6:07  Liberator, Supply Depot  
  68  6:10  Orbital Command  
  68  6:21  Factory Tech Lab x2  
  71  6:27  Starport  
  71  6:28  Thor  
  77  6:46  Hellion x6  
Show
View Real Time Build Order
Export as new Build Order

zidar Zerg - Winner!

Build Orders: Hatch First 

Get SALT Encoding   

  12  0:01  Drone  
  13  0:12  Overlord  
  13  0:17  Drone  
  14  0:30  Drone x2  
  16  0:51  Hatchery  
  16  0:52  Drone  
  16  0:56  Extractor  
  15  1:06  Drone  
  16  1:17  Spawning Pool  
  15  1:20  Drone  
  17  1:25  Drone  
  17  1:30  Drone  
  18  1:35  Drone  
  19  2:05  Queen  
  19  2:06  Queen  
  19  2:07  Metabolic Boost  
  23  2:10  Zergling x2  
  23  2:13  Zergling x2  
  24  2:16  Zergling x2  
  25  2:23  Overlord  
  25  2:29  Zergling x2  
  26  2:39  Drone x2  
  26  2:42  Drone x2  
  30  2:59  Extractor  
  29  3:18  Baneling Nest  
  24  3:40  Roach Warren  
  23  3:43  Drone  
  23  3:44  Drone x10  
  23  3:45  Drone  
  35  4:01  Overlord  
  35  4:02  Overlord x2  
  35  4:05  Overlord  
  35  4:23  Roach x5  
  45  4:29  Roach x2  
  45  4:31  Roach  
  51  4:34  Roach  
  51  4:37  Roach  
  55  4:40  Roach  
  57  5:01  Overlord  
  57  5:06  Ravager x2  
  57  5:07  Ravager x3  
  62  5:24  Roach x3  
  62  5:27  Overlord x3  
  62  5:28  Overlord  
  68  5:48  Roach x7  
  82  6:35  Roach x9  
  100  6:45  Overlord x4  
  100  6:46  Overlord x2  
Tags
 
Add a new tag
Caveats
  • Supply blocks, unpowered buildings, or Contaminate may cause inaccurate times.
  • Supply counts are checked every 10 seconds.